 Dungeon Crawl Stone Soup version 0.32-a0-872-g59262bdc9b (webtiles) character file.

Game seed: 15119082973880002924

44 Lanoc the Shooter (level 3, -1/28 HPs)
             Began as a Formicid Hunter on Mar 31, 2024.
             Slain by a gnoll
             ... wielding a +2 heavy flail
              (14 damage)
             ... on level 2 of the Dungeon.
             The game lasted 00:01:29 (751 turns).

Lanoc the Shooter (Formicid Hunter)                  Turns: 751, Time: 00:01:29

Health: -1/28      AC:  3    Str: 15    XL:     3   Next: 85%
Magic:  3/3        EV: 11    Int:  8    God:
Gold:   64         SH:  0    Dex: 19    Spells: 2/2 levels left

rFire   . . .        a - +0 shortbow
rCold   . . .        (no shield)
rNeg    . . .        c - +0 leather armour
rPois   .            (helmet unavailable)
rElec   .            (no cloak)
rCorr   .            (no gloves)
SInv    +            (no boots)
Will    .....        (no amulet)
Stlth   ++           (no ring)
HPRegen 0.24/turn    (no ring)
MPRegen 0.08/turn

%: no passive effects
@: lethally poisoned (-1 -> -3)
A: permanent stasis, dig shafts and tunnels, antennae 3, four strong arms
a: Dig, Shaft Self


You were on level 2 of the Dungeon.
You visited 1 branch of the dungeon, and saw 2 of its levels.

You collected 64 gold pieces.

Inventory:

Hand Weapons
 a - a +0 shortbow (weapon)
Armour
 c - a +0 leather armour (worn)
Scrolls
 b - a scroll of butterflies
 d - a scroll of blinking {unknown}
 e - a scroll of teleportation {unknown}
Potions
 f - a potion of curing {unknown}


   Skills:
 + Level 2.7 Fighting
 * Level 4.5 Ranged Weapons
 + Level 1.2 Armour
 + Level 2.2 Dodging
 - Level 1.2 Stealth


You had 2 spell levels left.
You didn't know any spells.
Your spell library was empty.

Dungeon Overview and Level Annotations

Branches:
Dungeon (2/15)

Altars:


Innate Abilities, Weirdness & Mutations

You cannot be hasted, slowed, berserked, paralysed or teleported.
You can dig through walls and to a lower floor.
You have a pair of large antennae on your head. (SInv)
Your four strong arms can wield two-handed weapons with a shield.


Message History

The gnoll is severely wounded.
The adder closely misses you. The adder bites you but does no damage.
You shoot an arrow. The arrow hits the adder.
The adder is moderately wounded.
The adder bites you.
You shoot an arrow. The arrow barely misses the adder.
The arrow barely misses the gnoll.
The arrow hits the endoplasm.
The endoplasm is moderately wounded.
The adder bites you. x2
You are poisoned.
The adder poisons you!
You shoot an arrow. The arrow hits the adder.
The adder is almost dead.
You feel sick. The adder bites you.
You are more poisoned.
The adder poisons you!
You shoot an arrow. The arrow completely misses the adder.
The arrow barely misses the gnoll.
The arrow hits the endoplasm.
The endoplasm is severely wounded.
You feel sick. The adder bites you but does no damage.
The endoplasm jiggles.
The adder barely misses you.
You shoot an arrow.
The arrow hits the adder but does no damage.
The adder is almost dead.
You feel sick.
You hear a loud squeak.
The adder barely misses you. The adder misses you.
You shoot an arrow. The arrow hits the adder.
You kill the adder!
You feel sick.
A rat comes into view.
You are too injured to fight recklessly!
Non-targeted abil: Dig
Press: ? - help, Q - select action, (/) - cycle Dir - look around, f - activate You extend your mandibles.
You retract your mandibles.
You feel sick. The gnoll attacks as it pursues you!
The gnoll hits you with a +2 heavy flail!
Ouch! That really hurt!
You die...

#......... ..
,##........
...##.......# #
#l..........#.#
#....rJl.###. ,
#g#{#.. #†# ..#
# #g###.#.#
#.@...#.#
####.....#
#......#.#
#^##.#.#.# #
#......#
#..#.### ####<#
#......#
######.#


You could see 2 gnolls, an endoplasm and a rat.

Vanquished Creatures
  An adder (D:2)
  A dart slug (D:1)
  4 goblins (D:1)
  7 hobgoblins
  4 quokkas (D:1)
  2 ball pythons (D:1)
  2 bats (D:1)
  3 frilled lizards
  3 kobolds (D:1)
  3 rats
30 creatures vanquished.

Notes
Turn   | Place    | Note
-------+----------+-------------------------------------------
     0 | D:1      | Lanoc the Formicid Hunter began the quest for the Orb.
     0 | D:1      | Reached XP level 1. HP: 16/16 MP: 1/1
   189 | D:1      | Reached XP level 2. HP: 23/23 MP: 2/2
   480 | D:1      | Reached XP level 3. HP: 23/24 MP: 3/3
   512 | D:1      | Reached skill level 1 in Armour
   751 | D:2      | Slain by a gnoll

Illustrated notes

Levels and vault maps discovered:
D:1:      lightli_arrival_maybe_door_vault, layout_basic,
          hangedman_abyss_or_decor_lesser_grid
D:2:      layout_basic, basic_altar, minmay_bisected

Skill      XL: |  1  2  3 |
---------------+----------+-----
Dodging        | 2 |  2.2
Armour         | 1 |  1.2
Fighting       | |  2.7
Ranged Weapons | |  4.5
Stealth        | |  1.2

Action                     || total
---------------------------++-------
   Fire: Shortbow          ||    94
Ability: Dig               ||     1
 Armour: Leather armour    ||    26
  Dodge: Dodged            ||    20

Table legend: (Time is in decaauts)
 A = Elapsed time spent in this place.
 B = Non-inter-level travel time spent in this place.
 C = Inter-level travel time spent in this place.
 D = Time resting spent in this place.
 E = Time spent auto-exploring this place.
 F = Levels seen in this place.
 G = Mean time per level.
                   A        B        C        D        E       F      G
               +--------+--------+--------+--------+--------+-----+--------+
         Total |    772 |    758 |     14 |      0 |    592 |   2 |  386.0 |
       Dungeon |    772 |    758 |     14 |      0 |    592 |   2 |  386.0 |
               +--------+--------+--------+--------+--------+-----+--------+

Top non-repeatable levels by time:
     D:1: 736 daAuts
     D:2: 36 daAuts
